 Dungeon Crawl Stone Soup version 0.28.0 (webtiles) character file.

Game seed: 7384995336316593763

136 Sanktem7 the Covered (level 4, -1/41 HPs)
             Began as a Minotaur Fighter on Feb 12, 2022.
             Succumbed to Crazy Yiuf's poison
             ... on level 2 of the Dungeon.
             The game lasted 00:02:22 (2102 turns).

Sanktem7 the Covered (Minotaur Fighter)             Turns: 2102, Time: 00:02:23

Health: -1/41      AC:  7    Str: 22    XL:     4   Next: 98%
Magic:  3/3        EV:  9    Int:  5    God:
Gold:   93         SH:  4    Dex: 10    Spells: 3/3 levels left

rFire   + . .      SeeInvis .   a - +0 war axe
rCold   + . .      Faith    .   c - +0 buckler
rNeg    . . .      Spirit   .   b - +0 scale mail
rPois   +          Reflect  .   (helmet restricted)
rElec   +          Harm     .   (no cloak)
rCorr   +          Rampage  .   (no gloves)
Will    .....                   (no boots)
Stlth   ..........              (no amulet)
HPRegen 0.13/turn               (no ring)
MPRegen 0.08/turn               (no ring)

@: lethally poisoned (-1 -> -4), resistant, slowed, very slow
A: horns 2, retaliatory headbutt
a: no special abilities


You were on level 2 of the Dungeon.
You visited 1 branch of the dungeon, and saw 2 of its levels.

You collected 93 gold pieces.

Inventory:

Hand Weapons
 a - a +0 war axe (weapon)
Armour
 b - a +0 scale mail (worn)
 c - a +0 buckler (worn)
Wands
 m - a wand of iceblast (6)
Scrolls
 e - a scroll of immolation {unknown}
 f - a scroll of blinking {unknown}
 g - 2 scrolls of teleportation {unknown}
 h - a scroll of noise {unknown}
 i - a scroll of amnesia {unknown}
 j - a scroll of fear {unknown}
 l - a scroll of vulnerability {unknown}
Potions
 d - a potion of might


   Skills:
 * Level 4.4 Fighting
 * Level 4.5 Axes
 * Level 4.8 Armour
 + Level 0.7 Dodging
 - Level 3.6 Shields


You had 3 spell levels left.
You didn't know any spells.
Your spell library was empty.

Dungeon Overview and Level Annotations

Branches:
Dungeon (2/15)

Altars:


Innate Abilities, Weirdness & Mutations

You have a pair of horns on your head.
You reflexively headbutt those who attack you in melee.


Message History

Crazy Yiuf cries, "You leg down broken song, no?"
Could not explore, unopened runed door.
You open the door. You hit Crazy Yiuf.
Crazy Yiuf is lightly wounded.
Crazy Yiuf hits you with a +3 quarterstaff of chaos.
You feel yourself slow down.
You closely miss Crazy Yiuf.
Crazy Yiuf is lightly wounded.
Crazy Yiuf hits you but does no damage. You block Crazy Yiuf's attack.
Crazy Yiuf screams, "Snower!
Gum aubergine aubergine."
You block Crazy Yiuf's attack.
You hit Crazy Yiuf.
Crazy Yiuf is moderately wounded.
Crazy Yiuf hits you with a +3 quarterstaff of chaos.
Crazy Yiuf freezes you.
Crazy Yiuf hits you with a +3 quarterstaff of chaos.
You are poisoned.
You slash Crazy Yiuf! You headbutt Crazy Yiuf.
Crazy Yiuf is almost dead.
You feel very sick.
Crazy Yiuf hits you with a +3 quarterstaff of chaos!
* * * LOW HITPOINT WARNING * * *
Crazy Yiuf hits you with a +3 quarterstaff of chaos.
* * * LOW HITPOINT WARNING * * *
You slash Crazy Yiuf!
You kill Crazy Yiuf!
* * * LOW HITPOINT WARNING * * *
You feel very sick.
There is a lethal amount of poison in your body!
There is a lethal amount of poison in your body!
There is a lethal amount of poison in your body!
Unknown command.
There is a lethal amount of poison in your body!
It was a potion of resistance.
You feel protected.
* * * LOW HITPOINT WARNING * * *
You feel sick.
It was a potion of magic.
Magic courses through your body.
You die...

#.....##.# #...#
#####.### .......#.#
##### ##...## .........#
#.....## .........###
##### ###......###
...........# #..)#
#........... ........####
#...# ####...#.###
#......## ... ##.##.#
##...### #)# ########.#
##)## ♣♣@♣ #........#
##...## ♣.♣♣ #.#####..#
#...).## ♣♣.♣ #.# #..#
#......# ♣.♣♣ #.#####..#
#......# ♣♣.♣♣ #.#......#
##...#.# ♣.P.♣♣
#.#.###.## #####.# ♣.PP.♣
#.#.###.# #.# #...)#
#.......#
#.#######)...######.#####


There were no monsters in sight!

Vanquished Creatures
  Crazy Yiuf (D:2)
  Jessica (D:2)
  3 adders (D:2)
  A dart slug (D:1)
  5 ball pythons (D:1)
  An endoplasm (D:2)
  2 giant cockroaches (D:1)
  10 goblins
  6 hobgoblins
  3 jackals (D:1)
  4 kobolds
  A quokka (D:1)
  3 bats
  3 frilled lizards
  4 rats (D:1)
48 creatures vanquished.

Notes
Turn   | Place    | Note
-------+----------+-------------------------------------------
     0 | D:1      | Sanktem7 the Minotaur Fighter began the quest for the Orb.
     0 | D:1      | Reached XP level 1. HP: 19/19 MP: 0/0
   215 | D:1      | Reached XP level 2. HP: 27/27 MP: 1/1
   342 | D:1      | Reached XP level 3. HP: 23/33 MP: 2/2
   701 | D:1      | Found a faded altar of an unknown god.
  1387 | D:2      | Found a runed translucent door.
  1388 | D:2      | Noticed Crazy Yiuf
  1490 | D:2      | Reached XP level 4. HP: 40/40 MP: 3/3
  1821 | D:2      | Noticed Jessica
  1824 | D:2      | Killed Jessica
  2100 | D:2      | Killed Crazy Yiuf
  2100 | D:2      | HP: 2/41 [poisoned by Crazy Yiuf]
  2102 | D:2      | Succumbed to Crazy Yiuf's poison

Illustrated notes

Levels and vault maps discovered:
D:1:      dpeg_arrival_rooms_c, layout_basic,
          shapermc_ecumenical_altar_flowoftime
D:2:      layout_loops_corners, minmay_pentomino_o2, uniq_crazy_yiuf_cottage,
          uniq_jessica

Skill      XL: |  1  2  3  4 |
---------------+-------------+-----
Fighting       | 4 |  4.4
Armour         | 4 |  4.8
Axes           | 3 4 |  4.5
Dodging        | |  0.7
Shields        | |  3.6

Action                   |  1- 3 |  4- 6 || total
-------------------------+-------+-------++-------
Melee: War axe           |    84 |     9 ||    93
       Headbutt          |     7 |     2 ||     9
  Use: Potion            |       |     2 ||     2
Armor: Scale mail        |    44 |     3 ||    47
Dodge: Dodged            |    60 |     3 ||    63
Block: Buckler           |    29 |     2 ||    31
